 Dungeon Sprint DCSS version 0.17-a0-1446-gc28613e (webtiles) character file.

3604 esc the Imperceptible (level 9, 59/59 HPs)
             Began as a Vampire Enchanter on June 28, 2015.
             Was a Priest of Trog (penitent).
             Quit the game in the Dungeon (Sprint I: "Red Sonja").
             The game lasted 00:09:14 (1284 turns).

esc the Imperceptible (Vampire Enchanter)           Turns: 1284, Time: 00:09:14

Health: 59/59      AC:  8    Str: 11    XL:     9   Next: 86%
Magic:  9/14       EV: 15    Int: 22    God:    Trog [*]
Gold:   532        SH:  0    Dex: 15    Spells: 3 memorised, 6 levels left

rFire  . . .     SeeInvis +     h - +0 dagger (venom)
rCold  + + .     Clarity  .     f - +2 robe {rC+}
rNeg   + + .     SustAt   .     (no shield)
rPois  +         Gourm    .     (no helmet)
rElec  .         Spirit   .     r - +0 cloak {+Inv}
rCorr  .         Warding  .     t - +2 pair of gloves
rMut   .         NoTele   +     (no boots)
MR     .....                    (no amulet)
Stlth  +++++++++.               s - ring "Piqaferghes" {+Fly Str+4}
                                p - +4 ring of intelligence

@: very slightly contaminated, regenerating slowly, not resistant to hostile
enchantments, incredibly stealthy
A: fangs 3, see invisible, clumsy 1, frail 1, unbreathing, subdued magic 1
a: Bat Form, Burn Spellbooks, Renounce Religion, Evoke Invisibility, Evoke
Flight


You were in the Dungeon.
You worshipped Trog.
Trog was demanding penance.
You were thirsty.

You visited 1 branch You collected 918 gold pieces.
You spent 386 gold pieces at shops.

Inventory:

Hand weapons
 a - a +1 dagger
 h - a +0 dagger of venom (weapon)
   (You took it off Sonja in the Dungeon)
 m - a +0 blowgun
   (You took it off Sonja in the Dungeon)
Missiles
 k - 4 curare-tipped needles
 v - 6 steel javelins (quivered)
Armour
 b - a +1 robe
 f - a +2 robe of cold resistance (worn)
   (You took it off Sigmund in the Dungeon)
 r - a +0 cloak of invisibility (worn)
   (You bought it in a shop in the Dungeon)
 t - a +2 pair of gloves (worn)
   (You bought it in a shop in the Dungeon)
Jewellery
 p - a +4 ring of intelligence (left hand)
   (You found it in the Dungeon)
 q - an uncursed ring of flight {+Fly, !d}
   (You found it in the Dungeon)
 s - the ring "Piqaferghes" (right hand) {+Fly Str+4}
   (You bought it in a shop in the Dungeon)

   [ring of flight]

   It affects your strength (+4).
   It lets you fly.
Scrolls
 j - a scroll of blinking {!r}
Potions
 d - 5 potions of blood {@q1}
 e - 3 potions of curing
 g - a potion of cancellation {unknown}
 i - a potion of berserk rage {!q}
 l - a potion of cure mutation {unknown}
 n - a potion of resistance {unknown}
 u - a potion of degeneration {unknown}
 w - a potion of flight {unknown}
Books
 c - a book of Maledictions


   Skills:
 + Level 4.5 Fighting
 + Level 5.6 Short Blades
 + Level 6.0 Dodging
 + Level 23.3 Stealth
 - Level 2.0 Spellcasting
 - Level 13.7 Hexes
 - Level 7.7 Evocations


You had 6 spell levels left.
You knew the following spells:

 Your Spells              Type           Power        Failure   Level  Hunger
a - Ensorcelled Hibernat  Hex/Ice        ###...       1%          2    ##.....
b - Tukima's Dance        Hex            #####...     1%          3    ###....
v - Corona                Hex            #####..      0%          1    #......


Dungeon Overview and Level Annotations

Branches:
Dungeon (1/1)

Altars:
Cheibriados
Dithmenos
Elyvilon
Fedhas
Gozag
Kikubaaqudgha
Makhleb
Nemelex Xobeh
Okawaru
Qazlal
Ru
Sif Muna
Trog
Vehumet
Xom
Yredelemnul
Zin
The Shining One
Jiyva

Shops:
D *=[

Annotations:
D exclusions: giant eyeball and 4 shining eyes


Innate Abilities, Weirdness & Mutations

You heal slowly.
You have razor-sharp teeth.
You have supernaturally acute eyesight.
You can survive without breathing.
You are clumsy. (Dex -2)
You are frail (-10% HP).
Your spells are a little easier to cast, but a little less powerful.


Message History

You butcher the wasp corpse.
You see here a chunk of flesh {@w0}.
You now have 451 gold pieces (gained 27).
You now have 478 gold pieces (gained 27).
You now have 505 gold pieces (gained 27).
You now have 532 gold pieces (gained 27).
There is an open door here.
Items here: ( )) ÷÷ an uncursed shortbow; a longbow; 41 arrows; a centaur skeleton a centaur skeleton You enter the shallow water.
Moving in this stuff is going to be slow.
There is an open door here.
You see here a flail.
There is an open door here.
You see here a troll hide {regen}.
Wear which item? (? for menu, Esc to quit)
Okay, then.
There is an open door here.
There is an open door here.
You start resting.
Your magical contamination has completely faded away.
You regained 19 hp, and now have 42/66 hp.
You start resting.
You are feeling thirsty.
Unknown command.
Drink which item? (? for menu, Esc to quit)
Yummy - fresh blood!
Read which item? (? for menu, Esc to quit)
As you read the scroll labeled NUNEVOZUMEA, it crumbles to dust.
The scroll dissolves into smoke.
It was a scroll of fog.
You start resting.
Health restored: 66 You open the huge gate. 3 giant eyeballs and 3 shining eyes come into view.
You close the huge gate.
You fade into invisibility!
You are very lightly contaminated with residual magic.
You feel quite a bit more thirsty.
You now have 12/14 mp.
As you open the huge gate, it creaks loudly!
The giant eyeball turns its gaze towards you. x2 3 shining eyes come into view.
There is a huge open gate here.
The shining eye gazes at you.
Strange energies course through your body.
You feel frail.
You take 7 damage, and have 59/59 hp.
There is an open door here.
There is an open door here.
MP restored: 14
There is an open door here.
The shining eye turns its gaze towards you.
Casting this spell will put you into penance.
Really cast?
Aim: a shining eye (chance to defeat MR: 5%)
The shining eye resists with almost no effort.
You feel guilty. "You will pay for your transgression, mortal!"
You now have 12/14 mp.
You don't know that spell.
Casting this spell will put you into penance.
Really cast?
Okay, then.
Casting this spell will put you into penance.
Really cast?
Aim: a shining eye (chance to defeat MR: 5%)
The shining eye resists with almost no effort.
You feel very guilty. "You will pay for your transgression, mortal!"
The shining eye gazes at you.
Strange energies course through your body.
Your connection to magic feels subdued.
You now have 10/14 mp.
You flicker for a moment.
Okay, then.
Casting this spell will put you into penance.
Really cast?
Aim: a shining eye (chance to defeat MR: 2%)
The shining eye resists with almost no effort.
You feel guilty. "You will pay for your transgression, mortal!"
You are feeling thirsty.
You now have 8/14 mp.
Casting this spell will put you into penance.
Really cast?
Aim: a shining eye (chance to defeat MR: 2%)
Okay, then.
Unknown command.
Okay, then.
You hit the shining eye but do no damage.
The shining eye is poisoned.
The shining eye gazes at you.
Strange energies course through your body.
You hit the shining eye but do no damage.
The shining eye looks even sicker.
You hit the shining eye but do no damage.
You hit the shining eye. You hit the shining eye.
You hit the shining eye but do no damage.
The shining eye gazes at you.
Strange energies course through your body.
You feel clumsy.
You hit the shining eye but do no damage.
You flicker back into view.

#..####..#...#)####)§#####..
#..#__####..##[#§§§..#§.# +#
#..#_..__##'#..+≈§§§)§.%#
#⌠⌠#_.∩...'..._#≈§≈..#..#
####_..._##_.#'##'#####+#
#_____###'#[#.).[###
############.####'###(##
#∩^......GG...'..[..'.∩#
###''G'####@..##########
#.......####.###
#G....GG.#.#'#.#
#..#.....#.....# #G
......#.....# #
.G..#..####### G.... .G#
#..#.. ..#


You could see a shining eye and a giant eyeball.

Vanquished Creatures
  2 centaur warriors (D)
  Sonja (D)
  A deep troll (D)
  2 kobold demonologists (D)
  A slime creature (D)
  A yak (D)
  A wasp (D)
  An ogre (D)
  A jelly (D)
  Ijyb (D)
  A giant eyeball (D)
  2 ballistomycetes (D)
15 creatures vanquished.

Vanquished Creatures (collateral kills)
  Sigmund (D)
1 creature vanquished.

Vanquished Creatures (others)
  A gargoyle (D)
  2 giant spores (D)
3 creatures vanquished.

Grand Total: 19 creatures vanquished

Notes
Turn   | Place    | Note
--------------------------------------------------------------
     0 | D        | esc the Vampire Enchanter began the quest for the Orb.
     0 | D        | Reached XP level 1. HP: 13/13 MP: 3/3
     1 | D        | Noticed Ijyb
    20 | D        | Killed Ijyb
    20 | D        | Reached skill level 8 in Stealth
    20 | D        | Reached skill level 7 in Hexes
    20 | D        | Reached XP level 2. HP: 16/19 MP: 1/5
    25 | D        | Learned a level 2 spell: Ensorcelled Hibernation
    65 | D        | Noticed an ogre
    67 | D        | Killed an ogre
    67 | D        | Reached skill level 10 in Stealth
    67 | D        | Reached skill level 10 in Hexes
    67 | D        | Reached XP level 3. HP: 24/24 MP: 6/6
    67 | D        | Reached XP level 4. HP: 30/30 MP: 7/7
    80 | D        | Learned a level 3 spell: Tukima's Dance
    80 | D        | Noticed Sigmund
   103 | D        | HP: 5/30 [Sigmund/scythe (12)]
   128 | D        | Killed Sigmund
   128 | D        | Reached skill level 12 in Stealth
   128 | D        | Reached skill level 11 in Hexes
   128 | D        | Reached XP level 5. HP: 29/35 MP: 0/8
   197 | D        | Found a deep blue altar of Sif Muna.
   198 | D        | Noticed a jelly
   199 | D        | Found a radiant altar of Vehumet.
   203 | D        | Killed a jelly
   203 | D        | Reached skill level 13 in Stealth
   203 | D        | Reached skill level 12 in Hexes
   225 | D        | Found Suwom's Jewellery Emporium.
   225 | D        | Found a white marble altar of Elyvilon.
   225 | D        | Found a stormy altar of Qazlal.
   225 | D        | Found a burning altar of Makhleb.
   225 | D        | Found a sacrificial altar of Ru.
   225 | D        | Found a basalt altar of Yredelemnul.
   225 | D        | Found a glowing golden altar of the Shining One.
   225 | D        | Found a sparkling altar of Nemelex Xobeh.
   225 | D        | Found a shimmering altar of Xom.
   225 | D        | Found an opulent altar of Gozag.
   225 | D        | Found an ancient bone altar of Kikubaaqudgha.
   225 | D        | Found a glowing silver altar of Zin.
   225 | D        | Noticed a yak
   226 | D        | Found an iron altar of Okawaru.
   227 | D        | Killed a yak
   227 | D        | Reached skill level 14 in Stealth
   227 | D        | Reached skill level 13 in Hexes
   227 | D        | Reached XP level 6. HP: 41/41 MP: 9/9
   228 | D        | Found a bloodstained altar of Trog.
   232 | D        | Became a worshipper of Trog the Wrathful
   237 | D        | Noticed Sonja
   241 | D        | Killed Sonja
   241 | D        | Reached skill level 20 in Stealth
   241 | D        | Reached XP level 7. HP: 46/46 MP: 10/10
   434 | D        | Noticed a deep troll
   438 | D        | Killed a deep troll
   438 | D        | Acquired Trog's first power
   438 | D        | Reached skill level 22 in Stealth
   438 | D        | Reached XP level 8. HP: 52/52 MP: 11/11
   446 | D        | Found Boojoconn's Armour Emporium.
   452 | D        | Bought a +0 cloak of invisibility for 149 gold pieces
   475 | D        | Found Cuipne's Assorted Antiques.
   483 | D        | Bought a flickering bone ring for 125 gold pieces
   483 | D        | Bought a pair of runed gloves for 112 gold pieces
   484 | D        | Identified the ring "Piqaferghes" {+Fly Str+4} (You bought it in a shop in the Dungeon)
   532 | D        | Found a viscous altar of Jiyva.
   532 | D        | Found a blossoming altar of Fedhas.
   532 | D        | Noticed a slime creature
   533 | D        | Found a snail-covered altar of Cheibriados.
   533 | D        | Found a shadowy altar of Dithmenos.
   535 | D        | Killed a slime creature
   535 | D        | Reached skill level 4 in Evocations
   552 | D        | Noticed a kobold demonologist
   553 | D        | Noticed a kobold demonologist
   557 | D        | Killed a kobold demonologist
   557 | D        | Acquired Trog's second power
   557 | D        | Reached skill level 6 in Evocations
   558 | D        | Killed a kobold demonologist
   558 | D        | Reached skill level 7 in Evocations
   558 | D        | Reached XP level 9. HP: 57/57 MP: 9/14
   591 | D        | Noticed a demonic crawler
   591 | D        | Noticed a demonic crawler
   591 | D        | Noticed a demonic crawler
   591 | D        | Noticed a demonic crawler
   593 | D        | HP: 14/57 [demonic crawler (4)]
   604 | D        | Killed a gargoyle
   963 | D        | Noticed a centaur warrior
   964 | D        | Noticed a centaur warrior
   992 | D        | Noticed a wasp
   993 | D        | Killed a centaur warrior
   993 | D        | Reached skill level 3 in Fighting
   993 | D        | Reached skill level 4 in Short Blades
   993 | D        | Reached skill level 4 in Dodging
  1000 | D        | Killed a wasp
  1004 | D        | HP: 15/64 [centaur warrior (8)]
  1005 | D        | Killed a centaur warrior
  1005 | D        | Received a gift from Trog
  1005 | D        | Reached skill level 4 in Fighting
  1005 | D        | Reached skill level 5 in Short Blades
  1005 | D        | Reached skill level 6 in Dodging
  1005 | D        | Reached skill level 23 in Stealth
  1252 | D        | Noticed a shining eye
  1252 | D        | Noticed a shining eye
  1252 | D        | Noticed a shining eye
  1256 | D        | Noticed a shining eye
  1256 | D        | Noticed a shining eye
  1256 | D        | Noticed a shining eye
  1258 | D        | Gained mutation: You are frail (-10% HP). [a shining eye]
  1273 | D        | Was placed under penance by Trog
  1274 | D        | Gained mutation: Your spells are a little easier to cast, but a little less powerful. [a shining eye]
  1282 | D        | Gained mutation: You are clumsy. (Dex -2) [a shining eye]
  1284 | D        | Quit the game

Vault maps used:
D:        dungeon_sprint_1

Action                   |  1- 3 |  4- 6 |  7- 9 || total
-------------------------+-------+-------+-------++-------
Melee: Dagger            |    15 |     3 |    43 ||    61
 Cast: Corona            |     2 |       |       ||     2
       Ensorcelled Hiber |       |    11 |     3 ||    14
       Tukima's Dance    |       |     1 |       ||     1
 Abil: Evoke Invisibilit |       |       |     4 ||     4
  Use: Potion            |       |     3 |     4 ||     7
       Scroll            |       |       |     1 ||     1
 Stab: Sleeping          |     2 |     3 |     6 ||    11
       Invisible         |       |       |     3 ||     3

Vault maps used:
D:        dungeon_sprint_1

Table legend:
 A = Turns spent in this place as a percentage of turns spent in the entire game.
 B = Non-inter-level travel turns spent in this place as a percentage of non-inter-level travel turns spent in the entire game.
 C = Inter-level travel turns spent in this place as a percentage of turns spent in this place.
 D = Turns resting spent in this place as a percentage of non-inter-level travel turns spent in this place.
 E = Turns spent auto-exploring this place as a percentage of non-inter-level travel turns spent in this place.
 F = Non-inter-level travel turns spent in this place divided by the number of levels of this place that you've seen.
                   A       B       C       D       E      F
               +-------+-------+-------+-------+-------+----------------------
         Total | 100.0 | 100.0 |   0.0 |   6.3 |   0.0 | 478.0
       Dungeon | 100.0 | 100.0 |   0.0 |   6.3 |   0.0 | 478.0
               +-------+-------+-------+-------+-------+----------------------

Table legend:
 A = Kills in this place as a percentage of kills in entire the game.
 B = Kills by you in this place as a percentage of kills by you in the entire game.
 C = Kills by friends in this place as a percentage of kills by friends in the entire game.
 D = Other kills in this place as a percentage of other kills in the entire game.
 E = Experience gained in this place as a percentage of experience gained in the entire game.
 F = Experience gained in this place divided by the number of levels of this place that you have seen.
                   A       B       C       D       E      F
               +-------+-------+-------+-------+-------+----------------------
         Total | 100.0 | 100.0 | 100.0 |  -nan | 100.0 | 5149.0
       Dungeon | 100.0 | 100.0 | 100.0 |  -nan | 100.0 | 5149.0
               +-------+-------+-------+-------+-------+----------------------
